 Dungeon Crawl Stone Soup version 0.30.0-29-ga12c61a403 (webtiles) character file.

Game seed: 10149057776953160211

281 Elmgren the Shooter (level 6, -3/35 HPs)
             Began as a Gargoyle Hunter on June 21, 2023.
             Killed by nerve-wracking pain
             ... invoked by an orc priest
              (6 damage)
             ... on level 4 of the Dungeon.
             The game lasted 00:03:25 (2480 turns).

Elmgren the Shooter (Gargoyle Hunter)               Turns: 2480, Time: 00:03:26

Health: -3/35      AC:  8    Str: 15    XL:     6   Next: 27%
Magic:  6/6        EV: 11    Int:  9    God:
Gold:   228        SH:  0    Dex: 15    Spells: 5/5 levels left

rFire   . . .        a - +1 shortbow
rCold   . . .        (shield currently unavailable)
rNeg    + . .        c - +1 leather armour
rPois   ∞            (no helmet)
rElec   +            (no cloak)
rCorr   .            (no gloves)
SInv    .            (no boots)
Will    .....        (no amulet)
Stlth   ++           (no ring)
HPRegen 0.25/turn    (no ring)
MPRegen 0.10/turn

%: no passive effects
@: no status effects
A: sickness immunity, AC +4, negative energy resistance 1, electricity
resistance, torment resistance 1, petrification resistance
a: no special abilities


You were on level 4 of the Dungeon.
You visited 1 branch of the dungeon, and saw 4 of its levels.

You collected 228 gold pieces.

Inventory:

Hand Weapons
 a - a +1 shortbow (weapon)
Missiles
 n - a throwing net {=f, !d}
Armour
 c - a +1 leather armour (worn)
Magical Staves
 d - the staff of fire "Xutol" {Fly rF+, rF+}
   (You found it on level 2 of the Dungeon)

   [staff of fire]

   Base accuracy: +5 Base damage: 5 Base attack delay: 1.2 This weapon's minimum
   attack delay (0.6) is reached at skill level 12.
   rF:        It protects you from fire.
   Fly:       It grants you flight.
   It falls into the 'Staves' category.
   It is a one-handed weapon.
 e - a staff of poison {rP+}
   (You found it on level 1 of the Dungeon)
 g - a staff of conjuration
   (You found it on level 1 of the Dungeon)
Jewellery
 o - a ring of resist corrosion
   (You found it on level 2 of the Dungeon)
Wands
 u - a wand of mindburst (7)
   (You found it on level 3 of the Dungeon)
Scrolls
 b - a scroll of immolation {!r}
 h - 2 scrolls of amnesia
 p - 3 scrolls of identify {@r1}
Potions
 f - 3 potions of brilliance {unknown}
 i - a potion of invisibility {unknown}
 j - 3 potions of curing {@q1, !d}
 k - a potion of magic {unknown}
 l - 2 potions of heal wounds {unknown}
 m - a potion of attraction {unknown}
 q - 2 potions of lignification {unknown}


   Skills:
 - Level 2.1 Fighting
 + Level 7.4 Ranged Weapons
 - Level 1.5 Dodging
 - Level 1.1 Stealth


You had 5 spell levels left.
You didn't know any spells.
Your spell library contained the following spells:

 Spells                   Type           Power      Damage    Failure   Level
 Apportation              Tloc           0%         N/A       45%         1
 Necrotise                Necr           0%         1d4       45%         1
 Summon Small Mammal      Summ           0%         N/A       45%         1
 Poisonous Vapours        Pois/Air       0%         N/A       58%         2
 Static Discharge         Conj/Air       0%         2-2/arc   58%         2
 Mephitic Cloud           Conj/Pois/Air  0%         N/A       83%         3
 Airstrike                Air            0%         2d(0-16)  99%         4
 Animate Dead             Necr           0%         N/A       99%         4
 Summon Lightning Spire   Summ/Air       0%         N/A       99%         4
 Borgnjor's Vile Clutch   Necr/Erth      0%         N/A       100%        5
 Freezing Cloud           Conj/Ice/Air   0%         6-21      100%        5
 Death Channel            Necr           0%         N/A       100%        6


Dungeon Overview and Level Annotations

Branches:
Dungeon (4/15)
 Temple: D:4-7

Altars:
Elyvilon
Yredelemnul


Innate Abilities, Weirdness & Mutations

You are immune to sickness and miasma.
Your stone body is resilient. (AC +4)
You are immune to poison.
You resist negative energy. (rN+)
You are resistant to electric shocks. (rElec)
You are resistant to unholy torment.
You are immune to petrification.


Message History

The arrow hits the goblin.
There are monsters nearby!
You shoot an arrow. The arrow hits the goblin!
You kill the goblin!
A goblin is nearby!
You shoot an arrow. The arrow hits the goblin.
You kill the goblin!
f - 3 golden potions (gained 1)
You see here a +0 dagger.
Things that are here:
a +0 dagger; a goblin corpse
l - 2 fizzy inky potions No target in view!
An orc comes into view. It is wielding a +0 dagger.
You shoot an arrow. The arrow hits the orc.
The orc shouts!
An orc wizard comes into view. It is wielding a +0 dagger.
There are monsters nearby!
You shoot an arrow. The orc wizard shouts!
The arrow hits the orc!
You kill the orc!
An orc priest comes into view. It is wielding a +0 club.
There are monsters nearby!
You shoot an arrow. The arrow hits the orc wizard!
The orc priest casts a cantrip, but nothing happens.
You hear a shout!
There are monsters nearby!
You shoot an arrow.
The arrow closely misses the orc wizard.
An orc comes into view. It is wielding a +0 whip.
There are monsters nearby!
You shoot an arrow. The arrow hits the orc wizard.
The orc priest mumbles some strange prayers to Beogh against you.
Beogh smites you!
There are monsters nearby!
You take 16 damage, and have 19/35 hp.
MASSIVE DAMAGE!!
You shoot an arrow. The arrow barely misses the orc wizard.
The orc wizard casts a spell.
The orc wizard flickers and vanishes!
Deactivating autopickup; reactivate with Ctrl-A.
You hear some strange, mumbled words.
You are confused.
The orc priest miscasts a cantrip.
There are monsters nearby!
You shoot an arrow.
You hear some strange, mumbled words.
Something tries to affect you, but you resist.
You shoot an arrow. You shoot an arrow.
The orc priest casts a cantrip, but nothing happens.
You shoot an arrow. The orc misses you.
You shoot an arrow.
You feel less confused. Something hits you.
You take 1 damage, and have 19/35 hp.
You shoot an arrow. The arrow barely misses the orc priest.
The orc misses you.
You hear some strange, mumbled words.
A puff of flame appears from out of thin air!
The puff of flame hits you.
You take 6 damage, and have 13/35 hp.
You shoot an arrow.
The arrow hits the orc priest but does no damage.
The orc hits you with a +0 whip.
* * * LOW HITPOINT WARNING * * *
The orc priest hits you but does no damage.
Something hits you but does no damage. The orc barely misses you.
Something hits you but does no damage. The orc priest barely misses you.
You take 3 damage, and have 10/35 hp.
You are too injured to fight recklessly!
You are too injured to fight recklessly!
The orc priest attacks as you move away!
The orc priest hits you with a +0 club.
* * * LOW HITPOINT WARNING * * *
You take 1 damage, and have 9/35 hp.
Unknown command.
The orc attacks as you move away! The orc closely misses you.
You shoot an arrow. Something hits you but does no damage.
You shoot an arrow. The orc hits you with a +0 whip.
* * * LOW HITPOINT WARNING * * *
Something hits you.
* * * LOW HITPOINT WARNING * * *
The orc priest hits you with a +0 club.
* * * LOW HITPOINT WARNING * * *
You take 6 damage, and have 4/35 hp.
You shoot an arrow. The orc hits you with a +0 whip.
* * * LOW HITPOINT WARNING * * *
The orc priest hits you but does no damage.
Something hits you but does no damage.
You take 2 damage, and have 2/35 hp.
You shoot an arrow. The orc barely misses you.
The orc priest barely misses you. Something hits you but does no damage.
You shoot an arrow. The orc barely misses you.
Something hits you but does no damage. The orc priest closely misses you.
You shoot an arrow. The orc barely misses you.
The orc priest hits you but does no damage.
Something hits you but does no damage.
The orc priest invokes the aid of Beogh against you.
Pain shoots through your body!
You die...

.#.# # ...###### #.
##..#..... ..##.##)........
..).............
.###>#.#.#.#####....
#.#{#o#.# #...# #.#...#.#
#...# #.#@o##.# ...
########.#..##.# ...
#..............# #.####
####.#####..##.##.# #.#..
#..#.##.........#.# #.#.#
##......##........# #.#.###
###.#####........######......
#.#####..##.##...........#.
#......).......###.####..#.


You could see an orc priest and an orc.

Vanquished Creatures
  A scorpion (D:4)
  The ghost of MrAu the Shield-Bearer, a weakling HuFi (D:3)
  An orc priest (D:4)
  A scorpion zombie (D:3)
  6 adders (D:2 D:3)
  A gnoll (D:1)
  A dart slug (D:2)
  An orc (D:4)
  8 ball pythons (D:1 D:2 D:3 D:4)
  8 endoplasms (D:1 D:2 D:3)
  4 giant cockroaches (D:1 D:3)
  8 hobgoblins (D:1 D:2 D:3)
  3 jackals (D:3)
  2 quokkas (D:1 D:3)
  A ball python zombie (D:3)
  3 frilled lizards (D:1 D:2)
  7 goblins (D:2 D:3 D:4)
  6 kobolds (D:2 D:3)
  7 rats (D:1 D:2 D:3)
70 creatures vanquished.

Notes
Turn   | Place    | Note
-------+----------+-------------------------------------------
     0 | D:1      | Elmgren the Gargoyle Hunter began the quest for the Orb.
     0 | D:1      | Reached XP level 1. HP: 12/12 MP: 1/1
    51 | D:1      | Reached XP level 2. HP: 17/17 MP: 2/2
   551 | D:1      | Reached XP level 3. HP: 21/21 MP: 3/3
   742 | D:1      | Reached skill level 5 in Ranged Weapons
   978 | D:2      | Identified the staff of fire "Xutol" {Fly rF+}
  1092 | D:2      | Reached XP level 4. HP: 26/26 MP: 4/4
  1672 | D:3      | Reached skill level 6 in Ranged Weapons
  1777 | D:3      | Found a white marble altar of Elyvilon.
  1805 | D:3      | Reached XP level 5. HP: 28/30 MP: 5/5
  2086 | D:3      | Found a runed translucent gate.
  2087 | D:3      | Found a runed translucent gate.
  2087 | D:3      | Noticed MrAu's ghost (weakling HuFi)
  2088 | D:3      | Found a runed translucent gate.
  2090 | D:3      | Found a basalt altar of Yredelemnul.
  2137 | D:3      | HP: 15/30 [MrAu's ghost (5)]
  2138 | D:3      | Killed MrAu's ghost
  2360 | D:4      | Reached skill level 7 in Ranged Weapons
  2360 | D:4      | Reached XP level 6. HP: 35/35 MP: 6/6
  2469 | D:4      | HP: 13/35 [something/puff of flame (6)]
  2475 | D:4      | HP: 8/35 [orc/+0 whip (2)]
  2476 | D:4      | HP: 2/35 [orc/+0 whip (3)]
  2480 | D:4      | Killed from afar by an orc priest

Illustrated notes

Levels and vault maps discovered:
D:1:      arrival_zaba_pyramid, layout_basic
D:2:      layout_loops_ring
D:3:      layout_rooms, mainiacjoe_overflow_small_starburst,
          nicolae_yredelemnul_ghost_church, due_unseen_surprise
D:4:      layout_loops_cross, hellmonk_okawaru_the_only_friend_you_need,
          general_overflow_altar, eat_drink_and_be_merry_uskayaw,
          minmay_bisected

Skill      XL: |  1  2  3  4  5 |
---------------+----------------+-----
Ranged Weapons | 5 6 7 |  7.4
Fighting       | |  2.1
Dodging        | |  1.5
Stealth        | |  1.1

Action                     |  1- 3 |  4- 6 || total
---------------------------+-------+-------++-------
   Fire: Shortbow          |    69 |   155 ||   224
    Use: Scroll            |     3 |     5 ||     8
 Armour: Leather armour    |    13 |    59 ||    72
  Dodge: Dodged            |    30 |    73 ||   103

Levels and vault maps discovered:
D:1:      arrival_zaba_pyramid, layout_basic
D:2:      layout_loops_ring
D:3:      layout_rooms, mainiacjoe_overflow_small_starburst,
          nicolae_yredelemnul_ghost_church, due_unseen_surprise
D:4:      layout_loops_cross, hellmonk_okawaru_the_only_friend_you_need,
          general_overflow_altar, eat_drink_and_be_merry_uskayaw,
          minmay_bisected

Table legend: (Time is in decaauts)
 A = Elapsed time spent in this place.
 B = Non-inter-level travel time spent in this place.
 C = Inter-level travel time spent in this place.
 D = Time resting spent in this place.
 E = Time spent auto-exploring this place.
 F = Levels seen in this place.
 G = Mean time per level.
                   A        B        C        D        E       F      G
               +--------+--------+--------+--------+--------+-----+--------+
         Total |   2535 |   2464 |     71 |     21 |   2032 |   4 |  633.8 |
       Dungeon |   2535 |   2464 |     71 |     21 |   2032 |   4 |  633.8 |
               +--------+--------+--------+--------+--------+-----+--------+

Top non-repeatable levels by time:
     D:1: 950 daAuts
     D:3: 796 daAuts
     D:2: 629 daAuts
     D:4: 158 daAuts

Table legend:
 A = Kills in this place as a percentage of kills in the entire game.
 B = Kills by you in this place as a percentage of kills by you in the entire game.
 C = Kills by friends in this place as a percentage of kills by friends in the entire game.
 D = Other kills in this place as a percentage of other kills in the entire game.
 E = Experience gained in this place as a percentage of experience gained in the entire game.
 F = Experience gained in this place divided by the number of levels of this place that you have seen.
                   A       B       C       D       E      F
               +-------+-------+-------+-------+-------+----------------------
         Total | 100.0 | 100.0 |   N/A |   N/A | 100.0 | 100.5
       Dungeon | 100.0 | 100.0 |   N/A |   N/A | 100.0 | 100.5
               +-------+-------+-------+-------+-------+----------------------
